 Dungeon Crawl Stone Soup version 0.30-a0-1157-g2cc9ac7196 (webtiles) character file.

Game seed: 1262603158209908453

11070 Newt the Cleaver (level 11, -24/92 HPs)
             Began as a Demonspawn Gladiator on Apr 24, 2023.
             Was an Initiate of Gozag.
             Annihilated by a pharaoh ant (43 damage)
             ... on level 2 of the Lair of Beasts.
             The game lasted 00:11:30 (10735 turns).

Newt the Cleaver (Demonspawn Gladiator)            Turns: 10735, Time: 00:11:31

Health: -24/92     AC: 12    Str: 18    XL:     11   Next: 44%
Magic:  3/3        EV: 14    Int: 14    God:    Gozag
Gold:   514        SH:  0    Dex: 14    Spells: 10/10 levels left

rFire   + . .        w - +1 war axe (antimagic)
rCold   . . .        (no shield)
rNeg    . . .        E - +1 chain mail of Isoyl {rElec Int+3}
rPois   +            c - +0 helmet
rElec   +            F - scarf {harm}
rCorr   .            (gloves unavailable)
SInv    +            (no boots)
Will    +....        (no amulet)
Stlth   ++           m - +5 ring of evasion
HPRegen 0.35/turn    P - ring of Misk {Wiz rElec rPois Will+}
MPRegen 0.08/turn

%: harm (+30% outgoing, +20% incoming), wizardry (x1)
@: studying Stealth
A: rugged brown scales 1, ignite blood 1, spiny 2, demonic touch 3, see
invisible, fire resistance 1
a: Renounce Religion, Potion Petition, Call Merchant, Bribe Branch


You were on level 2 of the Lair of Beasts.
You worshipped Gozag.
Gozag was pleased with you.
You visited 3 branches of the dungeon, and saw 12 of its levels.

You collected 1630 gold pieces.
You spent 1085 gold pieces at shops.
You paid 31 gold pieces to Gozag.

Inventory:

Hand Weapons
 a - a +1 rapier
 w - a +1 antimagic war axe (weapon)
Missiles
 i - 9 poisoned darts
 p - 74 stones (quivered)
 L - 5 silver javelins
Armour
 b - a +0 leather armour
 c - a +0 helmet (worn)
 f - a +0 buckler
 k - a +2 pair of gloves
 o - a +0 cloak
 u - a +0 leather armour of poison resistance
 E - the +1 chain mail of Isoyl (worn) {rElec Int+3}
   (You bought it in a shop on level 6 of the Dungeon)

   Int:       It affects your intelligence (+3).
   rElec:     It insulates you from electricity.
 F - a scarf of harm (worn)
 O - the +3 ring mail of the Vacuum {rElec SInv Stlth+}
   (You found it on level 2 of the Lair of Beasts)

   rElec:     It insulates you from electricity.
   SInv:      It lets you see invisible.
   Stlth:     It makes you more stealthy.
Jewellery
 g - a ring of magical power
 m - a +5 ring of evasion (left hand)
 n - a ring of poison resistance
 H - a +6 ring of intelligence
 M - a +5 ring of evasion
 N - an amulet of magic regeneration
 P - the ring of Misk (right hand) {Wiz rElec rPois Will+}
   (You bought it in a shop on level 4 of the Dungeon)

   [ring of wizardry]

   It improves your spell success rate.
   rElec:     It insulates you from electricity.
   rPois:     It protects you from poison.
   Will:      It increases your willpower.
Wands
 d - a wand of mindburst (3)
 I - a wand of flame (32)
Scrolls
 h - a scroll of brand weapon
 j - a scroll of fear
 l - 5 scrolls of teleportation
 q - 3 scrolls of immolation
 t - 3 scrolls of blinking
 y - a scroll of amnesia
 B - a scroll of fog
 C - a scroll of butterflies
 G - 2 scrolls of noise
 J - a scroll of enchant armour
 K - a scroll of poison
Potions
 e - 3 potions of flight
 r - a potion of invisibility
 s - 4 potions of mutation
 v - 2 potions of brilliance
 x - 2 potions of degeneration
 z - a potion of attraction {unknown}
 A - a potion of might {unknown}
 D - a potion of berserk rage {unknown}


   Skills:
 - Level 10.0 Fighting
 - Level 2.6 Short Blades
 - Level 10.0 Axes
 - Level 4.0 Throwing
 + Level 4.5 Armour
 - Level 4.0 Dodging
 - Level 10.0 Stealth
 - Level 4.0 Shields


You had 10 spell levels left.
You didn't know any spells.
Your spell library contained the following spells:

 Spells                   Type           Power      Damage    Failure   Level
 Kiss of Death            Conj/Necr      0%         2d5       65%         1
 Magic Dart               Conj           0%         1d3       65%         1
 Necrotise                Necr           0%         1d4       65%         1
 Slow                     Hex            0%         N/A       65%         1
 Blink                    Tloc           0%         N/A       80%         2
 Call Imp                 Summ           0%         N/A       80%         2
 Cigotuvi's Dreadful Rot  Necr/Pois/Air  0%         N/A       80%         2
 Lesser Beckoning         Tloc           0%         N/A       80%         2
 Momentum Strike          Conj/Tloc      0%         3d8       80%         2
 Confusing Touch          Hex            0%         N/A       95%         3
 Ignite Poison            Fire/Tmut/Pois 0%         N/A       95%         3
 Mephitic Cloud           Conj/Pois/Air  0%         N/A       95%         3
 Vampiric Draining        Necr           0%         2d6       95%         3
 Dispel Undead            Necr           0%         3d6       100%        4
 Sticky Flame             Conj/Fire      0%         2d3       100%        4
 Summon Ice Beast         Ice/Summ       0%         N/A       100%        4
 Agony                    Necr           0%         N/A       100%        5
 Freezing Cloud           Conj/Ice/Air   0%         6-21      100%        5
 Summon Mana Viper        Hex/Summ       0%         N/A       100%        5
 Death Channel            Necr           0%         N/A       100%        6
 Monstrous Menagerie      Summ           0%         N/A       100%        7
 Ignition                 Fire           0%         3d3       100%        8


Dungeon Overview and Level Annotations

Branches:
Dungeon (9/15)             Temple (1/1) D:4            Lair (1/5) D:9
 Spider (0/4) Lair:2
    Orc: D:9-12

Altars:
Ashenzari
Cheibriados
Dithmenos
Fedhas
Gozag
Hepliaklqana
Kikubaaqudgha
Makhleb
Okawaru
Qazlal
Ru
Sif Muna
Trog
Uskayaw
Wu Jian
Xom
Yredelemnul

Shops:
D:4 =   D:6 [


Innate Abilities, Weirdness & Mutations

You are partially covered in rugged brown scales. (AC +1, +3% HP)
Your demonic aura sometimes causes spilled blood to erupt in flames.
You are mostly covered in sharp spines.
Your touch may irresistibly damage your foes and sap their willpower.
You have supernaturally acute eyesight. (SInv)
Your flesh is heat resistant. (rF+)


Message History

Your touch misses the butterfly.
A pharaoh ant comes into view.
Found 2 potions of flight.
Found a hole to the Spider Nest.
You see here 8 stones.
A pharaoh ant is nearby!
A pharaoh ant is nearby!
A tarantella comes into view.
The tarantella's many legs skitter faintly.
The pharaoh ant gives a chilling moan.
You hear a faint skittering sound.
A jumping spider comes into view.
The jumping spider's many legs skitter faintly.
You hear a faint skittering sound.
A jumping spider comes into view.
The jumping spider's many legs skitter faintly.
A tarantella comes into view.
The jumping spider leaps!
The jumping spider moves out of view.
The tarantella moves out of view.
The pharaoh ant is struck by your spines.
The pharaoh ant misses you.
The jumping spider leaps!
The pharaoh ant barely misses you.
You closely miss the pharaoh ant.
The pharaoh ant is moderately damaged.
You completely miss the jumping spider.
The jumping spider is struck by your spines.
The jumping spider misses you. x2; The pharaoh ant bites you!!
The jumping spider leaps!
The jumping spider barely misses you. x2
Unknown command.
You slash the pharaoh ant!
The pharaoh ant is severely damaged.
You slash the jumping spider!
The pharaoh ant is struck by your spines.
The pharaoh ant bites you!!
* * * LOW HITPOINT WARNING * * *
The jumping spider is engulfed in blazing flames.
The jumping spider is struck by your spines.
The jumping spider barely misses you.
The jumping spider completely misses you.
The pharaoh ant bites you!!!
You die...
Your body crumbles into a pile of gold.

##....##.## ##.........#
####....<..##.##
...........##..# ##
#...........###.##.
##......#.(........ #
##.............##.! #
#..#.####...#...# $ #
##..# #.....#.s@# #
#.#.###......○sBs..... #
#.P..##.#.#.###..>....
## # ###.......#.#..#
......# ###.##
.....###.#.....# .......
......
##...........#..........
#####. #...#.##..###
.##..#.#. ##
##......<..... .s... #
.##.P.#####.#..# #


You could see a pharaoh ant, 2 jumping spiders and 2 tarantellas.

Vanquished Creatures
  A fire dragon (Lair:2)
  2 two-headed ogres (D:8)
  The ghost of TheSexyCheese the Trooper, a novice OgFE of Vehumet (D:6)
  Joseph (D:9)
  A rime drake (Lair:2)
  An unseen horror zombie (D:9)
  3 komodo dragons
  4 blink frogs (Lair:2)
  A shadow (D:5)
  A vampire (D:9)
  2 wyverns
  14 yaks
  A steam dragon (D:9)
  A water moccasin (Lair:2)
  An acid dragon (D:6)
  Duvessa (D:4)
  2 orc warriors
  3 ice beasts
  3 black bears (D:7)
  An ogre (D:4)
  4 centaurs
  2 phantoms
  A kobold brigand (D:8)
  2 gnoll sergeants
  3 bullfrogs
  7 wights
  9 killer bees (D:9)
  Dowan (D:4)
  2 centaur zombies (D:9)
  2 hounds
  2 orc priests (D:9)
  4 jellies
  Ijyb (D:3)
  4 iguanas
  A sleepcap (D:6)
  4 orc wizards
  2 howler monkey zombies (D:9)
  14 gnolls
  5 adders
  A shadow imp (D:7)
  2 white imps (D:7)
  2 worms
  2 dart slugs (D:1)
  14 orcs
  9 endoplasms
  6 giant cockroaches
  7 hobgoblins
  4 jackals (D:1)
  11 kobolds
  3 quokkas
  10 ball pythons
  7 bats
  3 frilled lizards (D:2)
  7 goblins
  5 rats
  A butterfly (Lair:2)
209 creatures vanquished.

Vanquished Creatures (others)
  24 plants
  3 withered plants (D:9)
27 creatures vanquished.

Grand Total: 236 creatures vanquished

Notes
Turn   | Place    | Note
-------+----------+-------------------------------------------
     0 | D:1      | Newt the Demonspawn Gladiator began the quest for the Orb.
     0 | D:1      | Reached XP level 1. HP: 16/16 MP: 1/1
   306 | D:1      | Gained mutation: You are partially covered in sharp spines.
                  | [demonic ancestry]
   306 | D:1      | Reached XP level 2. HP: 23/23 MP: 2/2
   570 | D:1      | Gained mutation: You are partially covered in rugged brown
                  | scales. (AC +1, +3% HP) [demonic ancestry]
   570 | D:1      | Reached XP level 3. HP: 18/29 MP: 3/3
  1004 | D:2      | Found a faded altar of an unknown god.
  1421 | D:2      | Gained mutation: Your touch may inflict minor irresistible
                  | damage on your foes. [demonic ancestry]
  1421 | D:2      | Reached XP level 4. HP: 38/38 MP: 4/4
  1602 | D:3      | Noticed Ijyb
  1620 | D:3      | Killed Ijyb
  2600 | D:4      | Noticed Dowan
  2601 | D:4      | Noticed Duvessa
  2616 | D:4      | Killed Dowan
  2617 | D:4      | Reached XP level 5. HP: 23/43 MP: 5/5
  2622 | D:4      | Killed Duvessa
  2623 | D:4      | Reached XP level 6. HP: 8/49 MP: 6/6
  2955 | D:4      | Reached skill level 1 in Armour
  3341 | D:4      | Found Egunypn's One-of-a-Kind Rings.
  3518 | D:4      | Found a staircase to the Ecumenical Temple.
  3527 | Temple   | Entered the Ecumenical Temple
  3671 | Temple   | Became a worshipper of Gozag Ym Sagoz the Greedy
  3958 | D:5      | Entered Level 5 of the Dungeon
  3988 | D:5      | Reached XP level 7. HP: 49/55 MP: 7/7
  4519 | D:5      | Found a shadowy altar of Dithmenos.
  4710 | D:6      | Noticed a shadow
  4800 | D:5      | Killed a shadow
  4801 | D:5      | Gained mutation: Your touch may inflict irresistible damage
                  | on your foes. [demonic ancestry]
  4801 | D:5      | Reached XP level 8. HP: 39/62 MP: 8/8
  5210 | D:6      | Reached skill level 5 in Fighting
  5413 | D:6      | Gained mutation: You have supernaturally acute eyesight.
                  | (SInv) [potion of mutation]
  5413 | D:6      | Gained mutation: Your flesh is heat resistant. (rF+)
                  | [potion of mutation]
  5444 | D:6      | Found an iron altar of Okawaru.
  5515 | D:6      | Found Xaof Amm's Antique Armour Boutique.
  5545 | D:6      | Bought a translucent chain mail for 332 gold pieces
  5545 | D:6      | Identified the +1 chain mail of Isoyl {rElec Int+3} (You
                  | bought it in a shop on level 6 of the Dungeon)
  5623 | D:6      | Reached skill level 1 in Axes
  5675 | D:6      | Found a basalt altar of Yredelemnul.
  5729 | D:6      | Identified the +1 dagger of Tuelogh {vamp, Fly Str+3}
  5874 | D:6      | Found a runed translucent door.
  6007 | D:6      | Found a stormy altar of Qazlal.
  6065 | D:6      | Noticed TheSexyCheese's ghost (novice OgFE)
  6101 | D:6      | Killed TheSexyCheese's ghost
  6102 | D:6      | Reached skill level 5 in Axes
  6102 | D:6      | Gained mutation: Your touch may irresistibly damage your
                  | foes and sap their willpower. [demonic ancestry]
  6102 | D:6      | Reached XP level 9. HP: 23/71 MP: 3/9
  7097 | D:8      | Noticed a two-headed ogre
  7112 | D:8      | Killed a two-headed ogre
  7295 | D:8      | Noticed a two-headed ogre
  7301 | D:8      | Killed a two-headed ogre
  7302 | D:8      | Gained mutation: Your demonic aura sometimes causes spilled
                  | blood to erupt in flames. [demonic ancestry]
  7302 | D:8      | Reached XP level 10. HP: 33/78 MP: 3/10
  8197 | D:8      | Reached skill level 10 in Axes
  8197 | D:8      | Reached skill level 1 in Stealth
  8469 | D:9      | Reached skill level 5 in Stealth
  8498 | D:9      | Found a staircase to the Lair.
  8920 | D:9      | Reached skill level 10 in Stealth
  9152 | D:9      | Noticed Joseph
  9162 | D:9      | Killed Joseph
  9507 | D:4      | Bought the ring of Misk {Wiz rElec rPois Will+} for 753
                  | gold pieces
  9662 | Lair:1   | Entered Level 1 of the Lair of Beasts
  9693 | Lair:1   | You fall into a shaft and drop 1 floor!
  9816 | Lair:2   | Gained mutation: You are mostly covered in sharp spines.
                  | [demonic ancestry]
  9816 | Lair:2   | Reached XP level 11. HP: 61/88 MP: 3/11
 10367 | Lair:2   | Noticed a fire dragon
 10385 | Lair:2   | Killed a fire dragon
 10386 | Lair:2   | Reached skill level 10 in Fighting
 10623 | Lair:2   | Identified the +3 ring mail of the Vacuum {rElec SInv
                  | Stlth+}
 10628 | Lair:2   | Identified the +8 spear "Spiderslayer" {heavy, Stlth+}
 10729 | Lair:2   | Found a hole to the Spider Nest.
 10729 | Lair:2   | Noticed a pharaoh ant
 10735 | Lair:2   | Annihilated by a pharaoh ant

Illustrated notes

Levels and vault maps discovered:
D:1:      lightli_arrival_quake, layout_basic
D:2:      minmay_chambers_of_ones, layout_loops_ring,
          shapermc_ecumenical_altar_pompeii
D:3:      layout_basic, uniq_ijyb
D:4:      layout_basic, minmay_temple_entry_overgrown,
          nicolae_shop_unique_rings, uniq_duvessa
D:5:      layout_loops_ring, nicolae_dithmenos_shadow_blocks
D:6:      layout_basic, grunt_qazlal_clouds, okawaru_metal_pillars_1_2,
          yredelemnul_altar_generic, serial_shops, shop,
          ebering_ghost_reflecting_pool, minmay_manual_mess
D:7:      nicolae_cairo_tiling, layout_basic
D:8:      layout_basic, minmay_parallelograms, minmay_misc_feat_x
D:9:      layout_cave_pools, david_lair_shrubbed, serial_undead,
          serial_undead_b, serial_undead_f, serial_undead_f, serial_undead_b,
          dk_rats_in_the_wall, uniq_joseph
Temple:   eino_temple_scatter_basement
Lair:1:   gammafunk_boulding_lane, layout_regular_city, uniq_amaemon
Lair:2:   dragon1_lemuel, layout_loops_ring,
          nicolae_spider_entry_lesser_pyramids, infiniplex_staircase_pool,
          lemuel_fruit_fields

Skill      XL: |  1  2  3  4  5  6  7  8  9 10 11 |
---------------+----------------------------------+-----
Fighting       | 3 4 6 7 10 | 10.0
Throwing       | 2 3 4 |  4.0
Dodging        | 3 4 |  4.0
Armour         | 3 4 |  4.5
Shields        | 4 |  4.0
Axes           | 5 9 10 | 10.0
Stealth        | 10 | 10.0
Short Blades   | |  2.6

Action                     |  1- 3 |  4- 6 |  7- 9 | 10-12 || total
---------------------------+-------+-------+-------+-------++-------
  Melee: Rapier            |    92 |   147 |    96 |       ||   335
         War axe           |       |       |    88 |   186 ||   274
         Touch             |       |       |     4 |    40 ||    44
         Punch             |       |       |       |     7 ||     7
         Unarmed           |       |       |       |     3 ||     3
  Throw: Throwing net      |       |     5 |     3 |     2 ||    10
         Javelin           |       |     2 |       |       ||     2
         Dart              |       |     2 |     6 |       ||     8
         Stone             |       |       |     1 |       ||     1
  Evoke: Wand              |       |     2 |     5 |       ||     7
    Use: Scroll            |     8 |     6 |     3 |     3 ||    20
         Potion            |       |     2 |     5 |     1 ||     8
   Stab: Sleeping          |       |     3 |     1 |       ||     4
         Distracted        |       |     1 |     1 |     5 ||     7
         Invisible         |       |       |     5 |       ||     5
         Held in net/web   |       |       |     2 |       ||     2
 Armour: Leather armour    |    21 |    15 |    21 |       ||    57
         Chain mail        |       |       |    44 |    47 ||    91
  Dodge: Dodged            |    45 |    81 |   136 |   154 ||   416
  Block: Buckler           |    20 |    22 |    40 |       ||    82

Table legend: (Time is in decaauts)
 A = Elapsed time spent in this place.
 B = Non-inter-level travel time spent in this place.
 C = Inter-level travel time spent in this place.
 D = Time resting spent in this place.
 E = Time spent auto-exploring this place.
 F = Levels seen in this place.
 G = Mean time per level.
                   A        B        C        D        E       F      G
               +--------+--------+--------+--------+--------+-----+--------+
         Total |  10770 |  10169 |    601 |   2142 |   6464 |  12 |  897.5 |
       Dungeon |   9553 |   8973 |    580 |   1738 |   5839 |   9 | 1061.4 |
        Temple |    157 |    138 |     19 |      0 |    123 |   1 |  157.0 |
          Lair |   1059 |   1059 |      0 |    403 |    502 |   2 |  529.5 |
               +--------+--------+--------+--------+--------+-----+--------+

Top non-repeatable levels by time:
     D:4: 1368 daAuts
     D:8: 1331 daAuts
     D:6: 1254 daAuts
     D:5: 1245 daAuts
     D:9: 1080 daAuts
  Lair:2: 1028 daAuts
     D:3: 961 daAuts
     D:2: 793 daAuts
     D:1: 792 daAuts
     D:7: 726 daAuts
  Temple: 157 daAuts
  Lair:1: 30 daAuts
